 Dungeon Crawl Stone Soup version 0.20.1-1-g8b1a95d (console) character file.

133 bli the Skirmisher (level 5, -3/42 HPs)
             Began as a Formicid Abyssal Knight on Aug 6, 2017.
             Was a Believer of Lugonu.
             Hit by a stone thrown by an orc warrior (12 damage)
             ... on level 3 of the Dungeon.
             The game lasted 00:08:54 (2272 turns).

bli the Skirmisher (Formicid Abyssal Knight)        Turns: 2272, Time: 00:08:54

Health: -3/42      AC:  4    Str: 16    XL:     5   Next: 39%
Magic:  6/6        EV:  5    Int: 12    God:    Lugonu [**....]
Gold:   166        SH:  7    Dex: 11    Spells: 4/4 levels left

rFire    . . .     SeeInvis +   D - -2 falchion (curse)
rCold    . . .     Gourm    .   d - +0 shield
rNeg     . . .     Faith    .   g - -2 ring mail (curse)
rPois    .         Spirit   .   (helmet unavailable)
rElec    .         Reflect  .   (no cloak)
rCorr    .         Harm     .   x - +0 pair of gloves
MR       .....                  (no boots)
Stlth    +.........             (no amulet)
Regen    0.2/turn               F - -3 ring of evasion (curse)
MPRegen  0.1/turn               (no ring)

@: no status effects
A: permanent stasis, dig shafts and tunnels, four strong arms, antennae 3
a: Dig, Shaft Self, Depart the Abyss, Bend Space, Renounce Religion


You were on level 3 of the Dungeon.
You worshipped Lugonu.
Lugonu was pleased with you.
You were not hungry.

You visited 1 branch of the dungeon, and saw 3 of its levels.
You visited the Abyss 1 time.

You collected 166 gold pieces.

Inventory:

Hand Weapons
 a - a +2 dagger of venom
 b - a +2 dagger of speed
 w - a +1 falchion
 D - a cursed -2 falchion (weapon)
Missiles
 m - 52 stones (quivered)
Armour
 d - a +0 shield (worn)
 g - a cursed -2 ring mail (worn)
 i - a +0 plate armour
 k - a +0 leather armour
 s - a +0 ring mail
 v - a +0 scale mail
 x - a +0 pair of gloves (worn)
 y - a +0 chain mail
 z - a +0 chain mail
 C - a +0 ring mail
Jewellery
 F - a cursed -3 ring of evasion (left hand)
Scrolls
 e - 2 scrolls of identify
 f - a scroll of recharging
 j - a scroll of immolation
 l - a scroll of amnesia
 n - a scroll of teleportation
 o - a scroll of magic mapping
 p - a scroll of fog
 r - 2 scrolls of enchant weapon
 B - a scroll of enchant armour
Potions
 h - 2 potions of resistance {unknown}
 q - a potion of cancellation {unknown}
 u - a potion of degeneration {unknown}
 E - a potion of ambrosia {unknown}
Comestibles
 c - a bread ration
 t - 2 meat rations
 A - 6 chunks of flesh


   Skills:
 * Level 4.1 Fighting
 + Level 0.6(1.6) Short Blades
 + Level 2.3(2.4) Long Blades
 + Level 3.5 Armour
 + Level 1.6 Dodging
 * Level 1.8 Stealth
 * Level 1.0 Shields
 + Level 2.4 Invocations


You had 4 spell levels left.
You didn't know any spells.

Dungeon Overview and Level Annotations

Branches:
Dungeon (3/15)

Altars:
Dithmenos


Innate Abilities, Weirdness & Mutations

You cannot be hasted, slowed, berserked, paralysed or teleported.
You can dig through walls and to a lower floor.
Your four strong arms can wield two-handed weapons with a shield.
You have a pair of large antennae on your head. (SInv)


Message History

The orc warrior throws a stone.
You block the stone. The orc misses you.
You riposte.
You hit the orc.
The orc is almost dead.
The orc warrior throws a stone.
You block the stone.
You hit the orc.
You kill the orc!
Lugonu accepts your kill.
The orc warrior throws a stone.
The stone hits you!
The orc warrior throws a stone.
The stone hits you!
* * * LOW HITPOINT WARNING * * *
Items here: ( ) = † a stone; a hand axe; a scratched ivory ring; an orc corpse
F - a scratched ivory ring The orc warrior throws a stone.
You block the stone.
Some of the chunks of flesh in your inventory have rotted away.
Put on which piece of jewellery? (? for menu, Esc to quit)
Oops, that ring feels deathly cold.
F - a cursed -3 ring of evasion (left hand)
The orc warrior throws a stone.
You block the stone.
The orc warrior throws a stone.
The stone hits you!
You die...

#...#..{.#
#.###...#####
#.##....##...
#)##..###....
###########.#..###.....
#..............###.....
#......................
#..............###.....
#...(o.....#######.....
#.(........##..........
#.....@....##......#...
#....(.....##.........#
#.(((......##......####
#############.<....#
########


You could see an orc warrior.

Vanquished Creatures
  An orc wizard (D:3)
  Jessica (D:2)
  An adder (D:2)
  4 worms
  2 leopard geckos
  5 orcs
  2 giant cockroaches
  6 goblins
  5 hobgoblins
  2 quokkas
  A ball python (D:1)
  6 bats
  2 frilled lizards (D:1)
  6 kobolds
  6 rats
50 creatures vanquished.

Notes
Turn   | Place    | Note
-------+----------+-------------------------------------------
     0 | Abyss:1  | bli the Formicid Abyssal Knight began the quest for the Orb.
     0 | Abyss:1  | Reached XP level 1. HP: 18/18 MP: 2/2
   144 | Abyss:1  | Noticed a lich
   207 | Abyss:1  | Noticed a wretched star
   208 | D:1      | Escaped the Abyss
   420 | D:1      | Reached * piety under Lugonu
   420 | D:1      | Reached XP level 2. HP: 21/24 MP: 3/3
   450 | D:1      | Reached skill level 1 in Dodging
   775 | D:1      | Reached XP level 3. HP: 28/30 MP: 4/4
  1422 | D:2      | Reached skill level 1 in Shields
  1482 | D:2      | Noticed Jessica
  1498 | D:2      | Killed Jessica
  1498 | D:2      | Reached skill level 4 in Fighting
  1498 | D:2      | Reached XP level 4. HP: 28/37 MP: 5/5
  1529 | D:2      | Reached skill level 1 in Stealth
  1996 | D:3      | Found a shadowy altar of Dithmenos.
  2098 | D:3      | Reached ** piety under Lugonu
  2099 | D:3      | Noticed an orc warrior
  2101 | D:3      | Reached XP level 5. HP: 42/42 MP: 6/6
  2272 | D:3      | Hit by a stone thrown by an orc warrior

Skill      XL: |  1  2  3  4 |
---------------+-------------+-----
Dodging        | 1 |  1.6
Shields        | 1 |  1.0
Fighting       | 4 |  4.1
Armour         | 3 |  3.5
Stealth        | 1 |  1.8
Short Blades   | |  0.6
Long Blades    | |  2.3
Invocations    | |  2.4

Action                   |  1- 3 |  4- 6 || total
-------------------------+-------+-------++-------
Melee: Falchion          |    33 |     7 ||    40
       Dagger            |    40 |    53 ||    93
Invok: Depart the Abyss  |     1 |       ||     1
       Bend Space        |       |     1 ||     1
  Use: Scroll            |     1 |     7 ||     8
       Potion            |     1 |       ||     1
  Eat: Chunk             |     2 |     2 ||     4
Armor: Ring mail         |    13 |    16 ||    29
       Leather armour    |     2 |       ||     2
Dodge: Dodged            |    39 |     9 ||    48
Block: Shield            |    10 |    26 ||    36
       Rpst.: Falchion   |     8 |     1 ||     9
